 BcadrenCrawl: Boulder Brew version 0.03.2.1-27-g9e5655d (webtiles) character file.

Game seed: 10010398237366459658, levelgen mode: deterministic

96 Kalegnar the Ducker (level 4, 0/4 HPs) Fairy Air Elementalist. Began on Jan 10, 2021. Slain by a sewer rat (1 damage) ... on level 2 of the Dungeon. The game lasted 00:04:59 (654 turns).

Kalegnar the Ducker (Fairy Air Elementalist)         Turns: 654, Time: 00:05:02

Health: 0/4        AC:  0    Str:  2    XL:     4 ^: 58
Magic:  1/3        EV: 14    Int: 19    God:
Gold:   68         SH:  0    Dex: 17    Spells: 4/10 levels left

rFire    . . .     Vision   .   d - ring of evasion
rCold    . . .     Gourm    .
rNeg     . . .     Faith    .
rPois    .         Spirit   .
rElec    .         Reflect  .
rCorr    .         Harm     .
MR       .....
Stlth    +.........
HPRegen  0.11/turn
MPRegen  0.13/turn

@: flying, glowing, slow
A: tiny, no armour or weapons, only one jewelry slot, no melee attacks, fairy
magic, fairy shield, fairy light, decreased potion and divine healing, slowness
1, able to fly, insubstantial
a: Stop Flying


You were on level 2 of the Dungeon.
You were not hungry.

You visited 1 branch of the dungeon, and saw 2 of its levels.

You collected 68 gold pieces.

Inventory:

Jewellery
 d - a ring of evasion (around core)
 e - a cursed ring of intelligence {(Curse: rF-)}
 l - an uncursed ring of strength
Scrolls
 a - 2 scrolls of vulnerability
 c - a scroll of torment
Potions
 f - 2 potions of resistance
 g - a potion of curing
 h - 2 potions of heal wounds
 j - a potion of ambrosia
 k - 2 potions of agility
 m - a potion of magic
 n - a potion of lignification
 o - a potion of cancellation
Comestibles
 b - 6 rations


   Skills:
 + Level 4.1 Dodging
 - Level 1.4 Stealth
 + Level 3.6 Spellcasting
 + Level 3.9 Air Magic


You had 4 spell levels left.
You knew the following spells:

 Your Spells              Type           Power        Failure   Level  Hunger
a - Shock                 Air            18 (25)      2%          1    None
b - Swiftness             Chrm/Air       10 (100)     10%         2    ##.....
c - Static Discharge      Air            18 (100)     9%          3    ###....

Your spell library contained the following spells:

 Spells                   Type           Power        Failure   Level  Hunger
 Airstrike                Air            18 (200)     28%         4    ####...
 Lightning Bolt           Air            18 (200)     61%         5    ######.


Dungeon Overview and Level Annotations

Branches:
Dungeon (2/8)

Altars:
Kikubaaqudgha


Innate Abilities, Weirdness & Mutations

You are too small to use any gear.
You can wear a single ring or amulet completely around your body.
You are incapable of melee of any kind.
Your magic reserves are extremely low but spells that normally cost one mana are free and all other spells cost one mana.
You are extremely frail but all attacks that strike you do exactly one damage.
You exude a bright light in a small radius around yourself.
The effect of potions and godly healing effects is reduced to match your tiny health and magic reserves.
You cover ground slowly.
You can fly continuously.
Your insubstantial form boosts your evasion and grants immunity to sticky flames, nets and constriction.


Message History

Casting: Shock (safe; 2% risk of failure)
Confirm with . or Enter, or press ? or * to list all spells.
Aiming: Shock (safe; 2% risk of failure)
Press: ? - help, Shift-Dir - straight line The zap hits the sewer rat (4).
The sewer rat is almost dead. (2/11) HP The zap hits the sewer rat (3).
The sewer rat is moderately wounded. (8/11) HP The sewer rat bites you (6).
* * * LOW HITPOINT WARNING * * *
Casting: Shock (safe; 2% risk of failure)
Confirm with . or Enter, or press ? or * to list all spells.
Really attack the non-hostile giant blowfly?
The sewer rat is struck by an arc of lightning (4).
The sewer rat is severely wounded. (4/11) HP The giant blowfly is struck by an arc of lightning (3).
The giant blowfly buzzes angrily.
The giant blowfly is lightly wounded. (24/27) HP The lightning grounds out.
The sewer rat bites you (4).
You die...

≈≈≈ ≈≈≈ ≈≈≈≈
##≈≈≈≈≈
##.#.≈≈≈≈
##...≈.≈b≈
#≈..b..≈≈≈
#≈@.......
≈$≈....rr#.≈≈.≈
........†# ≈≈≈
.≈........ ≈
#....[...††
###.....#..≈
≈≈.≈.≈.≈.≈≈
≈≈≈≈≈≈.....≈≈


You could see 2 sewer rats.

Vanquished Creatures
  2 giant cockroaches (D:1)
  A sewer rat (D:2)
  3 cinder newts
  2 leopard geckos
  3 bats (D:1)
  4 goblins (D:1)
  5 hobgoblins (D:1)
  9 kobolds (D:1)
  7 rats (D:1)
36 creatures vanquished.

Vanquished Creatures (others)
  A sewer rat (D:2)
  A rat (D:2)
2 creatures vanquished.

Grand Total: 38 creatures vanquished

Notes
Turn   | Place    | Note
-------+----------+-------------------------------------------
     0 | D:1      | Kalegnar the Fairy Air Elementalist began the quest for the
                  | Orb.
     0 | D:1      | Reached XP level 1. HP: 3/3 MP: 3/3
    49 | D:1      | Reached skill level 3 in Dodging
    49 | D:1      | Reached XP level 2. HP: 3/3 MP: 3/3
    53 | D:1      | Learned a level 2 spell: Swiftness
   104 | D:1      | Reached XP level 3. HP: 4/4 MP: 3/3
   109 | D:1      | Learned a level 3 spell: Static Discharge
   293 | D:1      | Reached XP level 4. HP: 4/4 MP: 3/3
   313 | D:1      | Reached skill level 4 in Dodging
   433 | D:1      | Found an ancient bone altar of Kikubaaqudgha.
   654 | D:2      | Slain by a sewer rat

Levels and vault maps discovered:
D:1:      dpeg_arrival_radiant, layout_cave_pools, first_ration,
          serial_column_ruins, column_ruins_temple_hut, column_ruins_hut,
          column_ruins_open_tiny, column_ruins_open_tiny,
          column_ruins_columns_dead_end, column_ruins_open_medium,
          minmay_heptomino_l4
D:2:      layout_sewer, grunt_dithmenos_smoke, sewer_frog_pond

Skill      XL: |  1  2  3  4 |
---------------+-------------+-----
Dodging        | 3 4 |  4.1
Spellcasting   | 3 |  3.6
Stealth        | |  1.4
Air Magic      | |  3.9

Action                   |  1- 3 |  4- 6 || total
-------------------------+-------+-------++-------
 Cast: Shock             |    57 |    24 ||    81
       Static Discharge  |       |     2 ||     2
 Abil: Fly               |     1 |       ||     1
Dodge: Dodged            |     3 |     5 ||     8
